EDMONTON vs NEW JERSEY

Created - May 23, 2021 at 11:42

Goals
1 2 3 T
EDMONTON 1 0 1 2
NEW JERSEY 1 2 1 4
Shots
1 2 3 T
EDMONTON 14 10 10 34
NEW JERSEY 13 16 4 33

1st period

1. NEW JERSEY , Mikael Granlund 9 (Samuel Girard 37, Brad Hunt 9) at 6:57
2. EDMONTON , Anze Kopitar 22 (Oliver Ekman-Larsson 23) at 14:09

Penalties :
Dmitry Orlov (NJ ) for Slashing (Minor) at 14:23, Oliver Ekman-Larsson (EDM) for Holding (Minor) at 16:50

2nd period

3. NEW JERSEY , Jeff Petry 25 (Evander Kane 27, Dougie Hamilton 60) at 6:21 (PP)
4. NEW JERSEY , Samuel Girard 8 (Mikael Granlund 7, Alex DeBrincat 17) at 12:49 (PP)

Penalties :
Derek Forbort (EDM) for Roughing (Minor) at 0:48, Kyle Palmieri (EDM) for High sticking (Minor) at 5:00, Oliver Ekman-Larsson (EDM) for Holding (Minor) at 7:10, Jeff Petry (NJ ) for Holding Stick (Minor) at 9:38, Oliver Ekman-Larsson (EDM) for Cross-checking (Minor) at 12:23

3rd period

5. NEW JERSEY , Andrew Copp 8 (Sean Couturier 34, Dmitry Orlov 27) at 15:56 (SH)
6. EDMONTON , David Perron 30 (Travis Hamonic 29) at 17:59

Penalties :
Zach Aston-Reese (NJ ) for Roughing (Minor) at 5:19, Dmitry Orlov (NJ ) for Holding (Minor) at 5:38, Dougie Hamilton (NJ ) for Boarding (Minor) at 14:32

Goalie Stats

Henrik Lundqvist (EDM), 29 saves from 33 shots - (0.879), L, 6-7-1, 60:00 minutes
Matt Murray (NJ ), 32 saves from 34 shots - (0.941), W, 36-21-3, 60:00 minutes

Players Stats for EDMONTON

Player Name              G  A  P  +/- PIM S  H  SB GA TA FO     MP     PP MP  PK MP  
------------------------------------------------------------------------------------
Anze Kopitar             1  0  1   0  0   4  4  0  0  0  14/35  23:12   3:14   5:41 
Carson Soucy             0  0  0   0  0   0  1  2  0  0  0/0    16:14   0:00   3:50 
Craig Smith              0  0  0   0  0   2  1  0  0  0  0/0    12:15   0:13   0:00 
Darren Helm              0  0  0   0  0   1  0  0  0  0  1/1     4:50   0:00   0:02 
David Perron             1  0  1   0  0   3  5  0  0  0  0/1    17:44   4:48   0:02 
Derek Forbort            0  0  0   0  2   0  1  1  0  0  0/0    16:21   0:00   1:42 
Derek Ryan               0  0  0   0  0   1  0  0  0  0  11/20  14:03   0:00   2:01 
Jakub Voracek            0  0  0   0  0   0  0  1  0  0  0/2    17:44   3:27   0:00 
Jason Demers             0  0  0  -1  0   0  1  3  0  0  0/0    22:50   5:30   2:40 
Josh Archibald           0  0  0   0  0   1  0  0  0  0  0/0    10:29   0:00   5:41 
Justin Holl              0  0  0  -1  0   2  1  1  0  0  0/0    17:15   5:30   0:15 
Kyle Palmieri            0  0  0   0  2   4  1  1  0  0  0/3    17:41   4:48   0:00 
Mathieu Perreault        0  0  0   0  0   1  1  0  0  0  2/8     4:48   0:00   0:00 
Oliver Ekman-Larsson     0  1  1   1  6   3  3  2  0  0  0/0    22:30   2:45   1:57 
Phil Kessel              0  0  0   0  0   2  2  0  0  0  0/0    17:44   3:27   0:00 
Travis Hamonic           0  1  1   1  0   1  2  1  0  0  0/0    24:46   2:45   5:04 
Tyler Johnson            0  0  0   0  0   6  2  0  0  0  14/23  17:42   4:48   0:00 
Vincent Hinostroza       0  0  0   0  0   3  0  0  0  0  0/0    14:03   0:00   2:01 

Players Stats for NEW JERSEY

Player Name              G  A  P  +/- PIM S  H  SB GA TA FO     MP     PP MP  PK MP  
------------------------------------------------------------------------------------
Alex DeBrincat           0  1  1   1  0   2  1  0  0  0  0/1    16:28   3:36   0:00 
Andrew Copp              1  0  1   0  0   3  0  0  0  0  9/18   14:01   0:00   4:04 
Anthony Duclair          0  0  0  -1  0   0  1  0  0  0  0/0    13:33   3:36   0:00 
Brad Hunt                0  1  1   0  0   0  2  1  0  0  0/0    16:24   0:00   3:29 
Danton Heinen            0  0  0   0  0   2  0  0  0  0  0/0     7:12   0:00   0:00 
Derek Stepan             0  0  0  -1  0   0  4  0  0  0  1/3    11:52   0:00   1:55 
Dmitry Orlov             0  1  1   0  4   0  3  1  0  0  0/0    20:16   3:36   1:22 
Dougie Hamilton          0  1  1   0  2   4  1  0  0  0  0/0    23:12   4:08   3:18 
Dylan Strome             0  0  0   1  0   1  1  0  0  0  6/13   12:52   0:00   0:00 
Evander Kane             0  1  1  -1  0   1  3  0  0  0  2/2    18:29   4:08   0:21 
Jack Johnson             0  0  0   0  0   2  1  2  0  0  0/0    18:07   0:00   3:36 
Jake Guentzel            0  0  0  -1  0   6  1  0  0  0  0/1    18:17   4:08   0:09 
Jeff Petry               1  0  1   0  2   4  2  2  0  0  0/0    24:10   4:08   4:16 
Mikael Granlund          1  1  2   1  0   3  3  0  0  0  4/9    19:38   3:36   3:10 
Samuel Girard            1  1  2   0  0   1  0  4  0  0  0/0    17:47   3:36   0:28 
Sean Couturier           0  1  1   0  0   3  1  0  0  0  25/37  23:19   4:08   5:11 
Victor Rask              0  0  0   0  0   1  0  0  0  0  3/7     7:12   0:00   0:00 
Zach Aston-Reese         0  0  0   0  2   0  1  0  0  0  1/2     7:11   0:00   0:00 

3 Stars

1 - Mikael Granlund (NJ )
2 - Samuel Girard (NJ )
3 - David Perron (EDM)

Power Play

EDMONTON - 0 on 5 Attempt(s) - 0.00%
NEW JERSEY - 2 on 5 Attempt(s) - 40.00%

Penalty Kill

EDMONTON - 3 on 5 Attempt(s) - 60.00% - Score 0 goal in Penalty Kill
NEW JERSEY - 5 on 5 Attempt(s) - 100.00% - Score 1 goal in Penalty Kill

Team Stat

EDMONTON - Hits : 25 - Faceoff Wins : 42 - Blocked Shots : 12 - Penalty Minutes : 10
NEW JERSEY - Hits : 25 - Faceoff Wins : 51 - Blocked Shots : 10 - Penalty Minutes : 10

Official

Referees : Joe Brodsky and Steven Jakobson
Linesman : Andrew Mielniczek and Craig Andreozzi

Game Notes

No Game Note

Finance

Level 1 -- Attendance: 4579 (76.32%) -- Ticket Income $457,900
Level 2 -- Attendance: 3533 (70.66%) -- Ticket Income $211,980
Level 3 -- Attendance: 1272 (63.60%) -- Ticket Income $50,880
Level 4 -- Attendance: 3855 (96.38%) -- Ticket Income $77,100
Luxury Box -- Attendance: 868 (86.80%) -- Ticket Income $156,240
Game was played at the Binghamton Devils.
Total Attendance: 14107 (78.37%)
Total Ticket Income: $954,100
Total Income: $954,100

EDMONTON

5 vs 5 Forward 
   Center                   Left Wing                Right Wing               Time % Phy DF OF 
 1 Anze Kopitar             Jakub Voracek            Phil Kessel              35     1   2  2  
 2 Tyler Johnson            David Perron             Kyle Palmieri            30     1   2  2  
 3 Derek Ryan               Vincent Hinostroza       Craig Smith              25     1   2  2  
 4 Mathieu Perreault        Darren Helm              Josh Archibald           10     1   2  2  

5 vs 5 Defense 
   Defense                  Defense                                           Time % Phy DF OF 
 1 Oliver Ekman-Larsson     Travis Hamonic                                    35     1   2  2  
 2 Jason Demers             Derek Forbort                                     30     1   2  2  
 3 Justin Holl              Carson Soucy                                      25     1   2  2  
 4 Oliver Ekman-Larsson     Travis Hamonic                                    10     1   2  2  

PowerPlay Forward 
   Center                   Left Wing                Right Wing               Time % Phy DF OF 
 1 Anze Kopitar             Jakub Voracek            Phil Kessel              60     1   2  2  
 2 Tyler Johnson            David Perron             Kyle Palmieri            40     1   2  2  

PowerPlay Defense
   Defense                  Defense                                           Time % Phy DF OF 
 1 Oliver Ekman-Larsson     Travis Hamonic                                    60     1   2  2  
 2 Jason Demers             Justin Holl                                       40     1   2  2  

Penalty Kill 4 Players Forward 
   Center                   Wing                     Time % Phy DF OF 
 1 Anze Kopitar             Josh Archibald           60     1   2  2  
 2 Derek Ryan               Vincent Hinostroza       40     1   2  2  

Penalty Kill 4 Players Defense
   Defense                  Defense                  Time % Phy DF OF 
 1 Oliver Ekman-Larsson     Travis Hamonic           60     1   2  2  
 2 Jason Demers             Derek Forbort            40     1   2  2  

Penalty Kill - 3 Players Forward 
   Forward                                           Time % Phy DF OF 
 1 Anze Kopitar                                      60     1   2  2  
 2 Derek Ryan                                        40     1   2  2  

Penalty Kill - 3 Players Defense
   Defense                  Defense                  Time % Phy DF OF 
 1 Oliver Ekman-Larsson     Travis Hamonic           60     1   2  2  
 2 Jason Demers             Derek Forbort            40     1   2  2  

4 vs 4 Forward 
   Center                   Wing                     Time % Phy DF OF 
 1 Anze Kopitar             Jakub Voracek            60     1   2  2  
 2 Phil Kessel              David Perron             40     1   2  2  

4 vs 4 Defense
   Defense                  Defense                  Time % Phy DF OF 
 1 Oliver Ekman-Larsson     Travis Hamonic           60     1   2  2  
 2 Jason Demers             Derek Forbort            40     1   2  2  

Last Minutes Offensive
   Center                   Left Wing                Right Wing               Defense                  Defense                  
   Anze Kopitar             Jakub Voracek            Phil Kessel              Oliver Ekman-Larsson     Travis Hamonic           

Last Minutes Defensive
   Center                   Left Wing                Right Wing               Defense                  Defense                  
   Anze Kopitar             Jakub Voracek            Phil Kessel              Oliver Ekman-Larsson     Travis Hamonic           

Goaltenders
Starting : Henrik Lundqvist         
Backup : Darcy Kuemper            

Extra Forwards
Normal : Vincent Hinostroza, Craig Smith, Derek Ryan - PP : Tyler Johnson, Craig Smith - PK : Derek Ryan
Extra Defensemen
Normal : Justin Holl, Carson Soucy, Jason Demers - PP : Justin Holl - PK : Carson Soucy, Jason Demers
Penalty Shots
Anze Kopitar, Jakub Voracek, Phil Kessel, David Perron, Kyle Palmieri

Scratches
EDM Cap Hit (Suspend)

NEW JERSEY

5 vs 5 Forward 
   Center                   Left Wing                Right Wing               Time % Phy DF OF 
 1 Sean Couturier           Evander Kane             Jake Guentzel            37     1   2  2  
 2 Dylan Strome             Mikael Granlund          Alex DeBrincat           29     1   2  2  
 3 Andrew Copp              Derek Stepan             Anthony Duclair          24     1   2  2  
 4 Victor Rask              Danton Heinen            Zach Aston-Reese         10     1   2  2  

5 vs 5 Defense 
   Defense                  Defense                                           Time % Phy DF OF 
 1 Jeff Petry               Dougie Hamilton                                   35     1   2  2  
 2 Dmitry Orlov             Jack Johnson                                      32     1   2  2  
 3 Samuel Girard            Brad Hunt                                         26     1   2  2  
 4 Jeff Petry               Dougie Hamilton                                   7      1   2  2  

PowerPlay Forward 
   Center                   Left Wing                Right Wing               Time % Phy DF OF 
 1 Sean Couturier           Evander Kane             Jake Guentzel            60     1   2  2  
 2 Mikael Granlund          Alex DeBrincat           Anthony Duclair          40     1   2  2  

PowerPlay Defense
   Defense                  Defense                                           Time % Phy DF OF 
 1 Jeff Petry               Dougie Hamilton                                   60     1   2  2  
 2 Dmitry Orlov             Samuel Girard                                     40     1   2  2  

Penalty Kill 4 Players Forward 
   Center                   Wing                     Time % Phy DF OF 
 1 Sean Couturier           Andrew Copp              60     1   2  2  
 2 Derek Stepan             Mikael Granlund          40     1   2  2  

Penalty Kill 4 Players Defense
   Defense                  Defense                  Time % Phy DF OF 
 1 Jeff Petry               Dougie Hamilton          60     1   2  2  
 2 Dmitry Orlov             Jack Johnson             40     1   2  2  

Penalty Kill - 3 Players Forward 
   Forward                                           Time % Phy DF OF 
 1 Sean Couturier                                    60     1   2  2  
 2 Evander Kane                                      40     1   2  2  

Penalty Kill - 3 Players Defense
   Defense                  Defense                  Time % Phy DF OF 
 1 Jeff Petry               Dougie Hamilton          60     1   2  2  
 2 Dmitry Orlov             Jack Johnson             40     1   2  2  

4 vs 4 Forward 
   Center                   Wing                     Time % Phy DF OF 
 1 Sean Couturier           Evander Kane             60     1   2  2  
 2 Jake Guentzel            Alex DeBrincat           40     1   2  2  

4 vs 4 Defense
   Defense                  Defense                  Time % Phy DF OF 
 1 Jeff Petry               Dougie Hamilton          60     1   2  2  
 2 Dmitry Orlov             Samuel Girard            40     1   2  2  

Last Minutes Offensive
   Center                   Left Wing                Right Wing               Defense                  Defense                  
   Sean Couturier           Evander Kane             Jake Guentzel            Jeff Petry               Dougie Hamilton          

Last Minutes Defensive
   Center                   Left Wing                Right Wing               Defense                  Defense                  
   Sean Couturier           Evander Kane             Jake Guentzel            Jeff Petry               Dougie Hamilton          

Goaltenders
Starting : Matt Murray              
Backup : Cal Petersen             

Extra Forwards
Normal : Andrew Copp, Victor Rask, Mikael Granlund - PP : Andrew Copp, Victor Rask - PK : Mikael Granlund
Extra Defensemen
Normal : Samuel Girard, Brad Hunt, Dmitry Orlov - PP : Samuel Girard - PK : Brad Hunt, Dmitry Orlov
Penalty Shots
Sean Couturier, Evander Kane, Jake Guentzel, Alex DeBrincat, Derek Stepan

Scratches
Jonathan Bernier (Healthy)

% Time on Ice - EDMONTON

Lines # - Real PCT - Wanted PCT - Time Play
Normal Forward
1 - 32% - 35% - 14:17
2 - 29% - 30% - 12:54
3 - 27% - 25% - 12:02
4 - 11% - 10% - 4:48
Normal Defense
1 - 34% - 35% - 14:58
2 - 33% - 30% - 14:40
3 - 28% - 25% - 12:24
4 - 5% - 10% - 1:59
PP Forward
1 - 42% - 60% - 3:27
2 - 58% - 40% - 4:48
PP Defense
1 - 33% - 60% - 2:45
2 - 67% - 40% - 5:30
PK Forward
1 - 74% - 60% - 5:43
2 - 26% - 40% - 2:01
PK Defense
1 - 66% - 60% - 5:04
2 - 34% - 40% - 2:40
PK3 Forward
1 - 0% - 60%
2 - 0% - 40%
PK3 Defense
1 - 0% - 60%
2 - 0% - 40%
44 Forward
1 - 0% - 60%
2 - 0% - 40%
44 Defense
1 - 0% - 60%
2 - 0% - 40%
Last Minute Offensive  - 0:00
Last Minute Defensive  - 0:00
Total
Forward - 60:00
Defense - 60:00

% Time on Ice - NEW JERSEY

Lines # - Real PCT - Wanted PCT - Time Play
Normal Forward
1 - 32% - 37% - 14:00
2 - 29% - 29% - 12:52
3 - 23% - 24% - 9:57
4 - 16% - 10% - 7:12
Normal Defense
1 - 34% - 35% - 14:51
2 - 35% - 32% - 15:19
3 - 29% - 26% - 12:55
4 - 2% - 7% - 0:56
PP Forward
1 - 53% - 60% - 4:08
2 - 47% - 40% - 3:36
PP Defense
1 - 53% - 60% - 4:08
2 - 47% - 40% - 3:36
PK Forward
1 - 71% - 60% - 4:40
2 - 29% - 40% - 1:55
PK Defense
1 - 68% - 60% - 4:28
2 - 32% - 40% - 2:07
PK3 Forward
1 - 79% - 60% - 1:19
2 - 21% - 40% - 0:21
PK3 Defense
1 - 35% - 60% - 0:35
2 - 65% - 40% - 1:05
44 Forward
1 - 0% - 60%
2 - 0% - 40%
44 Defense
1 - 0% - 60%
2 - 0% - 40%
Last Minute Offensive  - 0:00
Last Minute Defensive  - 0:00
Total
Forward - 60:00
Defense - 60:00

Play-by-Play

1st period


0:01 of 1st period - Anze Kopitar wins face-off versus Sean Couturier in neutral zone.
0:19 of 1st period - Shot by Jake Guentzel.
0:19 of 1st period - Stopped by Henrik Lundqvist without a rebound.
0:20 of 1st period - Tyler Johnson wins face-off versus Dylan Strome in EDMONTON zone.
0:34 of 1st period - Alex DeBrincat is hit by Derek Forbort and loses puck.
0:57 of 1st period - Icing by Dmitry Orlov.
0:58 of 1st period - Dylan Strome wins face-off versus Derek Ryan in NEW JERSEY zone.
1:28 of 1st period - Shot by Vincent Hinostroza.
1:28 of 1st period - Stopped by Matt Murray without a rebound.
1:29 of 1st period - Sean Couturier wins face-off versus Anze Kopitar in NEW JERSEY zone.
2:28 of 1st period - Icing by Jason Demers.
2:29 of 1st period - Andrew Copp wins face-off versus Mathieu Perreault in EDMONTON zone.
2:56 of 1st period - Jason Demers is hit by Derek Stepan and loses puck.
3:02 of 1st period - Derek Forbort is hit by Brad Hunt and loses puck.
4:14 of 1st period - Shot by Oliver Ekman-Larsson.
4:14 of 1st period - Stopped by Matt Murray without a rebound.
4:15 of 1st period - Anze Kopitar wins face-off versus Mikael Granlund in NEW JERSEY zone.
4:53 of 1st period - Icing by Jeff Petry.
4:54 of 1st period - Mikael Granlund wins face-off versus Derek Ryan in NEW JERSEY zone.
5:08 of 1st period - Shot by Craig Smith.
5:08 of 1st period - Shot Misses the Net.
5:10 of 1st period - Shot by Craig Smith.
5:10 of 1st period - Stopped by Matt Murray without a rebound.
5:11 of 1st period - Tyler Johnson wins face-off versus Sean Couturier in NEW JERSEY zone.
5:24 of 1st period - Shot by Tyler Johnson.
5:24 of 1st period - Stopped by Matt Murray with a rebound.
5:30 of 1st period - Shot by Tyler Johnson.
5:30 of 1st period - Stopped by Matt Murray without a rebound.
5:31 of 1st period - Derek Ryan wins face-off versus Andrew Copp in NEW JERSEY zone.
5:55 of 1st period - Off-side.
5:56 of 1st period - Sean Couturier wins face-off versus Anze Kopitar in neutral zone.
6:21 of 1st period - Shot by Phil Kessel.
6:21 of 1st period - Stopped by Matt Murray without a rebound.
6:22 of 1st period - Dylan Strome wins face-off versus Tyler Johnson in NEW JERSEY zone.
6:22 of 1st period - Mikael Granlund is hit by Tyler Johnson and loses puck.
6:28 of 1st period - Dylan Strome is hit by David Perron and loses puck.
6:32 of 1st period - Dylan Strome is hit by Travis Hamonic and loses puck.
6:38 of 1st period - Mikael Granlund is hit by Oliver Ekman-Larsson and loses puck.
6:57 of 1st period - Shot by Mikael Granlund.
6:57 of 1st period - Goal by Mikael Granlund - EDMONTON : 0 - NEW JERSEY : 1.
6:58 of 1st period - Derek Ryan wins face-off versus Sean Couturier in neutral zone.
6:58 of 1st period - Vincent Hinostroza is hit by Evander Kane and loses puck.
7:23 of 1st period - Shot by Evander Kane.
7:23 of 1st period - Shot Misses the Net.
7:34 of 1st period - Off-side.
7:35 of 1st period - Andrew Copp wins face-off versus Anze Kopitar in neutral zone.
8:01 of 1st period - Shot by Andrew Copp.
8:01 of 1st period - Stopped by Henrik Lundqvist without a rebound.
8:02 of 1st period - Tyler Johnson wins face-off versus Victor Rask in EDMONTON zone.
9:23 of 1st period - Shot by Jakub Voracek.
9:23 of 1st period - Shot Misses the Net.
9:30 of 1st period - Off-side.
9:31 of 1st period - Dylan Strome wins face-off versus Derek Ryan in neutral zone.
9:42 of 1st period - Shot by Mikael Granlund.
9:42 of 1st period - Stopped by Henrik Lundqvist without a rebound.
9:43 of 1st period - Andrew Copp wins face-off versus Mathieu Perreault in EDMONTON zone.
9:50 of 1st period - Shot by Jack Johnson.
9:50 of 1st period - Stopped by Henrik Lundqvist without a rebound.
9:51 of 1st period - Derek Ryan wins face-off versus Dylan Strome in EDMONTON zone.
9:51 of 1st period - Derek Ryan is hit by Alex DeBrincat.
10:01 of 1st period - Shot by Derek Ryan.
10:01 of 1st period - Shot Misses the Net.
10:11 of 1st period - Off-side.
10:12 of 1st period - Sean Couturier wins face-off versus Jakub Voracek in neutral zone.
10:12 of 1st period - Sean Couturier is hit by Anze Kopitar.
10:35 of 1st period - Shot by Jake Guentzel.
10:35 of 1st period - Stopped by Henrik Lundqvist without a rebound.
10:36 of 1st period - Andrew Copp wins face-off versus Mathieu Perreault in EDMONTON zone.
10:59 of 1st period - Shot by Andrew Copp.
10:59 of 1st period - Shot Blocked by Oliver Ekman-Larsson.
11:13 of 1st period - Shot by Andrew Copp.
11:13 of 1st period - Shot Misses the Net.
11:38 of 1st period - Shot by Sean Couturier.
11:38 of 1st period - Stopped by Henrik Lundqvist with a rebound.
11:40 of 1st period - Shot by Dougie Hamilton.
11:40 of 1st period - Stopped by Henrik Lundqvist without a rebound.
11:41 of 1st period - Anze Kopitar wins face-off versus Mikael Granlund in EDMONTON zone.
11:41 of 1st period - Anze Kopitar is hit by Mikael Granlund.
11:49 of 1st period - Samuel Girard is hit by Phil Kessel and loses puck.
12:03 of 1st period - Phil Kessel is hit by Brad Hunt and loses puck.
12:06 of 1st period - Shot by Anze Kopitar.
12:06 of 1st period - Shot Blocked by Samuel Girard.
12:08 of 1st period - Shot by Anze Kopitar.
12:08 of 1st period - Stopped by Matt Murray without a rebound.
12:09 of 1st period - Sean Couturier wins face-off versus Tyler Johnson in NEW JERSEY zone.
12:26 of 1st period - Shot by Kyle Palmieri.
12:26 of 1st period - Stopped by Matt Murray with a rebound.
13:29 of 1st period - Shot by Craig Smith.
13:29 of 1st period - Stopped by Matt Murray without a rebound.
13:30 of 1st period - Andrew Copp wins face-off versus Anze Kopitar in NEW JERSEY zone.
13:30 of 1st period - Andrew Copp is hit by Phil Kessel.
14:09 of 1st period - Shot by Anze Kopitar.
14:09 of 1st period - Goal by Anze Kopitar - EDMONTON : 1 - NEW JERSEY : 1.
14:10 of 1st period - Tyler Johnson wins face-off versus Dylan Strome in neutral zone.
14:23 of 1st period - Shot by Tyler Johnson.
14:23 of 1st period - Stopped by Matt Murray without a rebound.
14:23 of 1st period - Minor Penalty to Dmitry Orlov for Slashing.
14:24 of 1st period - Tyler Johnson wins face-off versus Andrew Copp in NEW JERSEY zone.
14:29 of 1st period - Shot by Tyler Johnson.
14:29 of 1st period - Stopped by Matt Murray without a rebound.
14:30 of 1st period - Sean Couturier wins face-off versus Anze Kopitar in NEW JERSEY zone.
14:30 of 1st period - Sean Couturier is hit by Anze Kopitar.
15:01 of 1st period - Shot by Oliver Ekman-Larsson.
15:01 of 1st period - Stopped by Matt Murray without a rebound.
15:02 of 1st period - Sean Couturier wins face-off versus Kyle Palmieri in NEW JERSEY zone.
15:02 of 1st period - Sean Couturier is hit by Tyler Johnson.
15:11 of 1st period - Off-side.
15:12 of 1st period - Sean Couturier wins face-off versus Tyler Johnson in neutral zone.
15:54 of 1st period - Kyle Palmieri is hit by Derek Stepan and loses puck.
16:28 of 1st period - Jakub Voracek is hit by Jack Johnson and loses puck.
16:32 of 1st period - Icing by Jack Johnson.
16:33 of 1st period - Derek Ryan wins face-off versus Victor Rask in NEW JERSEY zone.
16:33 of 1st period - Vincent Hinostroza is hit by Dmitry Orlov and loses puck.
16:47 of 1st period - Off-side.
16:48 of 1st period - Sean Couturier wins face-off versus Anze Kopitar in neutral zone.
16:50 of 1st period - Minor Penalty to Oliver Ekman-Larsson for Holding.
16:51 of 1st period - Sean Couturier wins face-off versus Anze Kopitar in EDMONTON zone.
16:51 of 1st period - Dougie Hamilton is hit by Carson Soucy and loses puck.
17:12 of 1st period - Shot by Dougie Hamilton.
17:12 of 1st period - Stopped by Henrik Lundqvist with a rebound.
17:14 of 1st period - Shot by Sean Couturier.
17:14 of 1st period - Stopped by Henrik Lundqvist without a rebound.
17:15 of 1st period - Mikael Granlund wins face-off versus Anze Kopitar in EDMONTON zone.
17:24 of 1st period - Shot by Dmitry Orlov.
17:24 of 1st period - Deflect By Anthony Duclair.
17:24 of 1st period - Shot Blocked by Carson Soucy.
17:26 of 1st period - Shot by Anthony Duclair.
17:26 of 1st period - Shot Misses the Net.
17:28 of 1st period - Shot by Alex DeBrincat.
17:28 of 1st period - Stopped by Henrik Lundqvist without a rebound.
17:29 of 1st period - Sean Couturier wins face-off versus Anze Kopitar in EDMONTON zone.
17:30 of 1st period - Shot by Jake Guentzel.
17:30 of 1st period - Shot Blocked by Derek Forbort.
17:32 of 1st period - Shot by Jeff Petry.
17:32 of 1st period - Stopped by Henrik Lundqvist with a rebound.
18:01 of 1st period - Evander Kane is hit by Jason Demers and loses puck.
18:24 of 1st period - Shot by Samuel Girard.
18:24 of 1st period - Shot Blocked by Travis Hamonic.
19:10 of 1st period - Tyler Johnson is hit by Dmitry Orlov and loses puck.
19:19 of 1st period - Shot by Kyle Palmieri.
19:19 of 1st period - Stopped by Matt Murray without a rebound.
19:20 of 1st period - Andrew Copp wins face-off versus Derek Ryan in NEW JERSEY zone.
19:50 of 1st period - Shot by Andrew Copp.
19:50 of 1st period - Shot Misses the Net.
19:52 of 1st period - Shot by Jeff Petry.
19:52 of 1st period - Stopped by Henrik Lundqvist without a rebound.
19:53 of 1st period - Tyler Johnson wins face-off versus Sean Couturier in EDMONTON zone.
19:53 of 1st period - David Perron is hit by Evander Kane and loses puck.
Goals for this period are 1 for EDMONTON vs 1 for NEW JERSEY.
Shots for this period are 14 for EDMONTON vs 13 for NEW JERSEY.

2nd period


0:01 of 2nd period - Anze Kopitar wins face-off versus Sean Couturier in neutral zone.
0:27 of 2nd period - Shot by Sean Couturier.
0:27 of 2nd period - Stopped by Henrik Lundqvist without a rebound.
0:28 of 2nd period - Dylan Strome wins face-off versus Tyler Johnson in EDMONTON zone.
0:48 of 2nd period - Minor Penalty to Derek Forbort for Roughing.
0:49 of 2nd period - Sean Couturier wins face-off versus Anze Kopitar in EDMONTON zone.
1:17 of 2nd period - Shot by Evander Kane.
1:17 of 2nd period - Stopped by Henrik Lundqvist without a rebound.
1:18 of 2nd period - Mikael Granlund wins face-off versus Anze Kopitar in EDMONTON zone.
1:23 of 2nd period - Shot by Alex DeBrincat.
1:23 of 2nd period - Stopped by Henrik Lundqvist with a rebound.
1:59 of 2nd period - Icing by Dmitry Orlov.
2:00 of 2nd period - Mikael Granlund wins face-off versus Derek Ryan in NEW JERSEY zone.
2:17 of 2nd period - Shot by Jeff Petry.
2:17 of 2nd period - Stopped by Henrik Lundqvist with a rebound.
2:19 of 2nd period - Shot by Dougie Hamilton.
2:19 of 2nd period - Stopped by Henrik Lundqvist without a rebound.
2:20 of 2nd period - Sean Couturier wins face-off versus Anze Kopitar in EDMONTON zone.
2:27 of 2nd period - Shot by Evander Kane.
2:27 of 2nd period - Shot Misses the Net.
2:37 of 2nd period - Anze Kopitar is hit by Jake Guentzel and loses puck.
2:58 of 2nd period - Shot by Danton Heinen.
2:58 of 2nd period - Shot Misses the Net.
3:00 of 2nd period - Shot by Dmitry Orlov.
3:00 of 2nd period - Shot Blocked by Kyle Palmieri.
3:02 of 2nd period - Shot by Dmitry Orlov.
3:02 of 2nd period - Shot Misses the Net.
3:16 of 2nd period - Shot by Danton Heinen.
3:16 of 2nd period - Stopped by Henrik Lundqvist without a rebound.
3:17 of 2nd period - Derek Ryan wins face-off versus Dylan Strome in EDMONTON zone.
4:20 of 2nd period - Shot by Jakub Voracek.
4:20 of 2nd period - Shot Blocked by Jeff Petry.
4:37 of 2nd period - Shot by Jake Guentzel.
4:37 of 2nd period - Stopped by Henrik Lundqvist without a rebound.
4:38 of 2nd period - Tyler Johnson wins face-off versus Andrew Copp in EDMONTON zone.
5:00 of 2nd period - Minor Penalty to Kyle Palmieri for High sticking.
5:01 of 2nd period - Sean Couturier wins face-off versus Anze Kopitar in EDMONTON zone.
5:04 of 2nd period - Shot by Dougie Hamilton.
5:04 of 2nd period - Stopped by Henrik Lundqvist without a rebound.
5:05 of 2nd period - Sean Couturier wins face-off versus Anze Kopitar in EDMONTON zone.
5:36 of 2nd period - Shot by Jake Guentzel.
5:36 of 2nd period - Stopped by Henrik Lundqvist without a rebound.
5:37 of 2nd period - Derek Ryan wins face-off versus Mikael Granlund in EDMONTON zone.
6:04 of 2nd period - Off-side.
6:05 of 2nd period - Sean Couturier wins face-off versus Derek Ryan in neutral zone.
6:21 of 2nd period - Shot by Jeff Petry.
6:21 of 2nd period - Goal by Jeff Petry - EDMONTON : 1 - NEW JERSEY : 2.
6:22 of 2nd period - Victor Rask wins face-off versus Kyle Palmieri in neutral zone.
6:31 of 2nd period - Shot by Victor Rask.
6:31 of 2nd period - Stopped by Henrik Lundqvist without a rebound.
6:32 of 2nd period - Anze Kopitar wins face-off versus Sean Couturier in EDMONTON zone.
6:48 of 2nd period - Shot by Justin Holl.
6:48 of 2nd period - Stopped by Matt Murray without a rebound.
6:49 of 2nd period - Derek Ryan wins face-off versus Alex DeBrincat in NEW JERSEY zone.
7:07 of 2nd period - Icing by Vincent Hinostroza.
7:08 of 2nd period - Evander Kane wins face-off versus Derek Ryan in EDMONTON zone.
7:10 of 2nd period - Minor Penalty to Oliver Ekman-Larsson for Holding.
7:11 of 2nd period - Sean Couturier wins face-off versus Anze Kopitar in EDMONTON zone.
7:16 of 2nd period - Shot by Jake Guentzel.
7:16 of 2nd period - Stopped by Henrik Lundqvist without a rebound.
7:17 of 2nd period - Anze Kopitar wins face-off versus Jake Guentzel in EDMONTON zone.
7:23 of 2nd period - Icing by Jeff Petry.
7:24 of 2nd period - Sean Couturier wins face-off versus Anze Kopitar in NEW JERSEY zone.
7:24 of 2nd period - Sean Couturier is hit by Anze Kopitar.
7:34 of 2nd period - Shot by Dougie Hamilton.
7:34 of 2nd period - Shot Misses the Net.
7:36 of 2nd period - Shot by Dougie Hamilton.
7:36 of 2nd period - Shot Blocked by Carson Soucy.
8:28 of 2nd period - Shot by Mikael Granlund.
8:28 of 2nd period - Stopped by Henrik Lundqvist without a rebound.
8:29 of 2nd period - Anze Kopitar wins face-off versus Mikael Granlund in EDMONTON zone.
9:38 of 2nd period - Minor Penalty to Jeff Petry for Holding Stick.
9:39 of 2nd period - Anze Kopitar wins face-off versus Sean Couturier in NEW JERSEY zone.
9:51 of 2nd period - Shot by Anze Kopitar.
9:51 of 2nd period - Shot Blocked by Jack Johnson.
10:51 of 2nd period - Shot by David Perron.
10:51 of 2nd period - Stopped by Matt Murray without a rebound.
10:52 of 2nd period - Tyler Johnson wins face-off versus Derek Stepan in NEW JERSEY zone.
11:20 of 2nd period - Shot by Kyle Palmieri.
11:20 of 2nd period - Deflect By David Perron.
11:20 of 2nd period - Shot Misses the Net.
11:36 of 2nd period - Shot by Craig Smith.
11:36 of 2nd period - Shot Misses the Net.
11:53 of 2nd period - Shot by Darren Helm.
11:53 of 2nd period - Shot Misses the Net.
11:55 of 2nd period - Shot by Mathieu Perreault.
11:55 of 2nd period - Stopped by Matt Murray without a rebound.
11:56 of 2nd period - Derek Ryan wins face-off versus Andrew Copp in NEW JERSEY zone.
11:57 of 2nd period - Shot by Vincent Hinostroza.
11:57 of 2nd period - Shot Blocked by Dmitry Orlov.
12:13 of 2nd period - Shot by Vincent Hinostroza.
12:13 of 2nd period - Stopped by Matt Murray without a rebound.
12:14 of 2nd period - Mathieu Perreault wins face-off versus Victor Rask in NEW JERSEY zone.
12:22 of 2nd period - Victor Rask is hit by Travis Hamonic and loses puck.
12:23 of 2nd period - Minor Penalty to Oliver Ekman-Larsson for Cross-checking.
12:24 of 2nd period - Anze Kopitar wins face-off versus Mikael Granlund in EDMONTON zone.
12:43 of 2nd period - Shot by Mikael Granlund.
12:43 of 2nd period - Shot Misses the Net.
12:45 of 2nd period - Shot by Mikael Granlund.
12:45 of 2nd period - Shot Misses the Net.
12:47 of 2nd period - Shot by Mikael Granlund.
12:47 of 2nd period - Shot Misses the Net.
12:49 of 2nd period - Shot by Samuel Girard.
12:49 of 2nd period - Goal by Samuel Girard - EDMONTON : 1 - NEW JERSEY : 3.
12:50 of 2nd period - Tyler Johnson wins face-off versus Sean Couturier in neutral zone.
13:28 of 2nd period - Tyler Johnson is hit by Jeff Petry and loses puck.
13:48 of 2nd period - Dougie Hamilton is hit by Justin Holl.
14:09 of 2nd period - Shot by Mikael Granlund.
14:09 of 2nd period - Shot Blocked by Justin Holl.
14:11 of 2nd period - Shot by Mikael Granlund.
14:11 of 2nd period - Shot Misses the Net.
14:13 of 2nd period - Shot by Jack Johnson.
14:13 of 2nd period - Stopped by Henrik Lundqvist without a rebound.
14:14 of 2nd period - Derek Ryan wins face-off versus Andrew Copp in EDMONTON zone.
14:14 of 2nd period - Derek Ryan is hit by Anthony Duclair.
14:19 of 2nd period - Icing by Travis Hamonic.
14:20 of 2nd period - Derek Ryan wins face-off versus Andrew Copp in EDMONTON zone.
14:37 of 2nd period - Shot by Vincent Hinostroza.
14:37 of 2nd period - Shot Blocked by Samuel Girard.
14:39 of 2nd period - Shot by Craig Smith.
14:39 of 2nd period - Shot Blocked by Samuel Girard.
14:41 of 2nd period - Shot by Vincent Hinostroza.
14:41 of 2nd period - Shot Misses the Net.
14:43 of 2nd period - Shot by Derek Ryan.
14:43 of 2nd period - Stopped by Matt Murray with a rebound.
14:45 of 2nd period - Shot by Travis Hamonic.
14:45 of 2nd period - Shot Misses the Net.
14:47 of 2nd period - Shot by Oliver Ekman-Larsson.
14:47 of 2nd period - Shot Blocked by Samuel Girard.
14:49 of 2nd period - Shot by Vincent Hinostroza.
14:49 of 2nd period - Stopped by Matt Murray with a rebound.
15:59 of 2nd period - Shot by Anze Kopitar.
15:59 of 2nd period - Stopped by Matt Murray with a rebound.
16:38 of 2nd period - Shot by David Perron.
16:38 of 2nd period - Shot Blocked by Jeff Petry.
16:40 of 2nd period - Shot by Justin Holl.
16:40 of 2nd period - Stopped by Matt Murray without a rebound.
16:41 of 2nd period - Darren Helm wins face-off versus Zach Aston-Reese in NEW JERSEY zone.
16:49 of 2nd period - Off-side.
16:50 of 2nd period - Andrew Copp wins face-off versus Mathieu Perreault in neutral zone.
17:19 of 2nd period - Shot by Derek Stepan.
17:19 of 2nd period - Deflect By Anthony Duclair.
17:19 of 2nd period - Shot Misses the Net.
17:21 of 2nd period - Shot by Dougie Hamilton.
17:21 of 2nd period - Shot Misses the Net.
17:45 of 2nd period - Evander Kane is hit by Mathieu Perreault and loses puck.
18:02 of 2nd period - Shot by Jake Guentzel.
18:02 of 2nd period - Shot Misses the Net.
18:14 of 2nd period - Shot by Jakub Voracek.
18:14 of 2nd period - Shot Misses the Net.
18:16 of 2nd period - Shot by Oliver Ekman-Larsson.
18:16 of 2nd period - Shot Misses the Net.
18:18 of 2nd period - Shot by Anze Kopitar.
18:18 of 2nd period - Shot Misses the Net.
18:20 of 2nd period - Shot by Anze Kopitar.
18:20 of 2nd period - Shot Misses the Net.
18:22 of 2nd period - Shot by Oliver Ekman-Larsson.
18:22 of 2nd period - Stopped by Matt Murray without a rebound.
18:23 of 2nd period - Dylan Strome wins face-off versus Tyler Johnson in NEW JERSEY zone.
18:23 of 2nd period - Dmitry Orlov is hit by David Perron and loses puck.
18:34 of 2nd period - Kyle Palmieri is hit by Dylan Strome and loses puck.
18:52 of 2nd period - Shot by Tyler Johnson.
18:52 of 2nd period - Stopped by Matt Murray with a rebound.
19:36 of 2nd period - Shot by Andrew Copp.
19:36 of 2nd period - Stopped by Henrik Lundqvist without a rebound.
19:37 of 2nd period - Sean Couturier wins face-off versus Anze Kopitar in EDMONTON zone.
19:54 of 2nd period - Jakub Voracek is hit by Sean Couturier and loses puck.
Goals for this period are 0 for EDMONTON vs 2 for NEW JERSEY.
Shots for this period are 10 for EDMONTON vs 16 for NEW JERSEY.

3rd period


0:01 of 3rd period - Sean Couturier wins face-off versus Jakub Voracek in neutral zone.
0:10 of 3rd period - Shot by Jake Guentzel.
0:10 of 3rd period - Stopped by Henrik Lundqvist without a rebound.
0:11 of 3rd period - Dylan Strome wins face-off versus Tyler Johnson in EDMONTON zone.
0:32 of 3rd period - Shot by Kyle Palmieri.
0:32 of 3rd period - Stopped by Matt Murray with a rebound.
0:34 of 3rd period - Shot by Kyle Palmieri.
0:34 of 3rd period - Stopped by Matt Murray with a rebound.
0:42 of 3rd period - Shot by Tyler Johnson.
0:42 of 3rd period - Stopped by Matt Murray without a rebound.
0:43 of 3rd period - Sean Couturier wins face-off versus Anze Kopitar in NEW JERSEY zone.
0:43 of 3rd period - Sean Couturier is hit by Anze Kopitar.
2:00 of 3rd period - Derek Stepan is hit by Oliver Ekman-Larsson and loses puck.
3:05 of 3rd period - Shot by Alex DeBrincat.
3:05 of 3rd period - Shot Misses the Net.
3:52 of 3rd period - Shot by Jake Guentzel.
3:52 of 3rd period - Shot Blocked by Jason Demers.
4:07 of 3rd period - Icing by Jeff Petry.
4:08 of 3rd period - Evander Kane wins face-off versus Mathieu Perreault in NEW JERSEY zone.
4:20 of 3rd period - Shot by Justin Holl.
4:20 of 3rd period - Shot Hit the Post.
4:28 of 3rd period - Shot by Darren Helm.
4:28 of 3rd period - Stopped by Matt Murray without a rebound.
4:29 of 3rd period - Andrew Copp wins face-off versus Derek Ryan in NEW JERSEY zone.
4:46 of 3rd period - Shot by Anthony Duclair.
4:46 of 3rd period - Deflect By Andrew Copp.
4:46 of 3rd period - Shot Blocked by Oliver Ekman-Larsson.
4:56 of 3rd period - Oliver Ekman-Larsson is hit by Derek Stepan.
5:19 of 3rd period - Minor Penalty to Zach Aston-Reese for Roughing.
5:20 of 3rd period - Sean Couturier wins face-off versus Anze Kopitar in NEW JERSEY zone.
5:38 of 3rd period - Minor Penalty to Dmitry Orlov for Holding.
5:39 of 3rd period - Sean Couturier wins face-off versus Tyler Johnson in NEW JERSEY zone.
5:52 of 3rd period - Shot by Kyle Palmieri.
5:52 of 3rd period - Shot Misses the Net.
5:54 of 3rd period - Shot by Justin Holl.
5:54 of 3rd period - Shot Blocked by Jack Johnson.
7:47 of 3rd period - Icing by Zach Aston-Reese.
7:48 of 3rd period - Victor Rask wins face-off versus Derek Ryan in NEW JERSEY zone.
7:48 of 3rd period - Victor Rask is hit by Craig Smith.
8:56 of 3rd period - Shot by Anthony Duclair.
8:56 of 3rd period - Shot Misses the Net.
9:03 of 3rd period - Icing by Jason Demers.
9:04 of 3rd period - Anze Kopitar wins face-off versus Sean Couturier in EDMONTON zone.
9:04 of 3rd period - Anze Kopitar is hit by Evander Kane.
9:35 of 3rd period - Shot by Evander Kane.
9:35 of 3rd period - Shot Blocked by Jason Demers.
9:37 of 3rd period - Shot by Dmitry Orlov.
9:37 of 3rd period - Shot Blocked by Jakub Voracek.
10:05 of 3rd period - Shot by Mikael Granlund.
10:05 of 3rd period - Shot Misses the Net.
10:21 of 3rd period - Shot by Dylan Strome.
10:21 of 3rd period - Stopped by Henrik Lundqvist without a rebound.
10:22 of 3rd period - Andrew Copp wins face-off versus Kyle Palmieri in EDMONTON zone.
10:39 of 3rd period - Icing by Carson Soucy.
10:40 of 3rd period - Tyler Johnson wins face-off versus Victor Rask in EDMONTON zone.
11:41 of 3rd period - Icing by Carson Soucy.
11:42 of 3rd period - Tyler Johnson wins face-off versus Dylan Strome in EDMONTON zone.
11:42 of 3rd period - Tyler Johnson is hit by Mikael Granlund.
12:49 of 3rd period - Samuel Girard is hit by Oliver Ekman-Larsson and loses puck.
13:21 of 3rd period - Jakub Voracek is hit by Dougie Hamilton and loses puck.
13:24 of 3rd period - Shot by Phil Kessel.
13:24 of 3rd period - Stopped by Matt Murray without a rebound.
13:25 of 3rd period - Mathieu Perreault wins face-off versus Andrew Copp in NEW JERSEY zone.
13:34 of 3rd period - Shot by Josh Archibald.
13:34 of 3rd period - Stopped by Matt Murray without a rebound.
13:35 of 3rd period - Zach Aston-Reese wins face-off versus Anze Kopitar in NEW JERSEY zone.
13:37 of 3rd period - Icing by Dmitry Orlov.
13:38 of 3rd period - Victor Rask wins face-off versus Anze Kopitar in NEW JERSEY zone.
14:31 of 3rd period - Anze Kopitar is hit by Jeff Petry and loses puck.
14:32 of 3rd period - Minor Penalty to Dougie Hamilton for Boarding.
14:33 of 3rd period - Sean Couturier wins face-off versus Tyler Johnson in NEW JERSEY zone.
14:33 of 3rd period - Brad Hunt is hit by David Perron and loses puck.
15:03 of 3rd period - Shot by Kyle Palmieri.
15:03 of 3rd period - Shot Misses the Net.
15:05 of 3rd period - Shot by Justin Holl.
15:05 of 3rd period - Shot Misses the Net.
15:07 of 3rd period - Shot by David Perron.
15:07 of 3rd period - Stopped by Matt Murray without a rebound.
15:08 of 3rd period - Anze Kopitar wins face-off versus Sean Couturier in NEW JERSEY zone.
15:26 of 3rd period - Justin Holl is hit by Dmitry Orlov and loses puck.
15:36 of 3rd period - Icing by Anze Kopitar.
15:37 of 3rd period - Anze Kopitar wins face-off versus Sean Couturier in EDMONTON zone.
15:54 of 3rd period - Shot by Sean Couturier.
15:54 of 3rd period - Shot Blocked by Jason Demers.
15:56 of 3rd period - Shot by Andrew Copp.
15:56 of 3rd period - Goal by Andrew Copp - EDMONTON : 1 - NEW JERSEY : 4.
15:57 of 3rd period - Derek Stepan wins face-off versus Tyler Johnson in neutral zone.
16:09 of 3rd period - Shot by Travis Hamonic.
16:09 of 3rd period - Stopped by Matt Murray without a rebound.
16:10 of 3rd period - Tyler Johnson wins face-off versus Derek Stepan in NEW JERSEY zone.
16:11 of 3rd period - Shot by Oliver Ekman-Larsson.
16:11 of 3rd period - Shot Misses the Net.
16:13 of 3rd period - Shot by David Perron.
16:13 of 3rd period - Deflect By Tyler Johnson.
16:13 of 3rd period - Shot Blocked by Brad Hunt.
16:41 of 3rd period - Shot by Vincent Hinostroza.
16:41 of 3rd period - Shot Misses the Net.
16:58 of 3rd period - Vincent Hinostroza is hit by Zach Aston-Reese.
17:11 of 3rd period - Shot by Danton Heinen.
17:11 of 3rd period - Stopped by Henrik Lundqvist without a rebound.
17:12 of 3rd period - Sean Couturier wins face-off versus Mathieu Perreault in EDMONTON zone.
17:32 of 3rd period - Off-side.
17:33 of 3rd period - Anze Kopitar wins face-off versus Dylan Strome in neutral zone.
17:44 of 3rd period - Shot by Anze Kopitar.
17:44 of 3rd period - Stopped by Matt Murray without a rebound.
17:45 of 3rd period - Sean Couturier wins face-off versus David Perron in NEW JERSEY zone.
17:45 of 3rd period - Sean Couturier is hit by David Perron.
17:50 of 3rd period - Jack Johnson is hit by Kyle Palmieri and loses puck.
17:59 of 3rd period - Shot by David Perron.
17:59 of 3rd period - Goal by David Perron - EDMONTON : 2 - NEW JERSEY : 4.
18:00 of 3rd period - Anze Kopitar wins face-off versus Dylan Strome in neutral zone.
18:00 of 3rd period - Anze Kopitar is hit by Mikael Granlund.
18:51 of 3rd period - Jeff Petry is hit by David Perron and loses puck.
18:59 of 3rd period - Off-side.
19:00 of 3rd period - Derek Ryan wins face-off versus Sean Couturier in neutral zone.
19:25 of 3rd period - Shot by Vincent Hinostroza.
19:25 of 3rd period - Deflect By Craig Smith.
19:25 of 3rd period - Shot Hit the Post.
19:37 of 3rd period - Shot by Derek Ryan.
19:37 of 3rd period - Deflect By Vincent Hinostroza.
19:37 of 3rd period - Shot Misses the Net.
19:54 of 3rd period - Icing by Oliver Ekman-Larsson.
19:55 of 3rd period - Tyler Johnson wins face-off versus Andrew Copp in EDMONTON zone.
19:57 of 3rd period - Icing by Kyle Palmieri.
19:58 of 3rd period - Tyler Johnson wins face-off versus Andrew Copp in EDMONTON zone.
19:58 of 3rd period - Tyler Johnson is hit by Derek Stepan.
Goals for this period are 1 for EDMONTON vs 1 for NEW JERSEY.
Shots for this period are 10 for EDMONTON vs 4 for NEW JERSEY.